[Event "CCT Chessable Masters D-III 2024"]
[Site "Online"]
[Date "2024.02.02"]
[Round "1"]
[White "Grischuk, Alexander"]
[Black "Dubov, Daniil"]
[Result "1/2-1/2"]
[ECO "D58"]
[WhiteElo "2732"]
[BlackElo "2708"]
[Annotator "TA"]
[PlyCount "44"]
[EventDate "2024.01.12"]
[EventType "k.o."]
[EventCountry "NET"]
[SourceTitle "playchess.com"]
[Source "ChessBase"]
[SourceQuality "1"]
[TimeControl "600+2"]

1. d4 Nf6 2. Nf3 e6 3. c4 d5 4. Nc3 Be7 5. Bg5 h6 6. Bh4 O-O 7. e3 b6 8. Bd3 dxc4 9. Bxc4 Bb7 10. O-O Nbd7 11. Qe2 Ne4 12. Nxe4 Bxe4 13. Bxe7 Qxe7 {[%emt 0:00:01] The position is equal.} 14. Bd3 Bxd3 (14... Bxf3 {is more complex.} 15. Qxf3 c5 16. dxc5 Ne5) 15. Qxd3 c5 16. Rac1 Rfd8 17. Rfd1 Rac8 18. h3 Nf6 19. Qa6 Ne4 20. Qd3 Nf6 21. Qa6 Ne4 22. Qd3 Nf6 {[%emt 0:00:02] An uneventful encounter.   Weighted Error Value: White=0.07 (flawless) /Black=0.03 (flawless) .  Inaccurate:     	White=1     	---        OK:         	White=1     	Black=5} 1/2-1/2

[Event "CCT Chessable Masters D-III 2024"]
[Site "Online"]
[Date "2024.02.02"]
[Round "1"]
[White "Dubov, Daniil"]
[Black "Grischuk, Alexander"]
[Result "1/2-1/2"]
[ECO "D55"]
[WhiteElo "2708"]
[BlackElo "2732"]
[Annotator "TA"]
[PlyCount "46"]
[EventDate "2024.01.12"]
[EventType "k.o."]
[EventCountry "NET"]
[SourceTitle "playchess.com"]
[Source "ChessBase"]
[SourceQuality "1"]
[TimeControl "600+2"]

1. Nf3 d5 2. d4 Nf6 3. c4 e6 4. Nc3 Be7 5. Bg5 h6 6. Bxf6 Bxf6 7. e3 O-O 8. Rc1 c6 9. Bd3 dxc4 10. Bxc4 Nd7 11. O-O e5 {[%emt 0:00:01] The position is equal.} 12. d5 Nb6 13. Bb3 e4 14. Nxe4 Bxb2 15. Rc2 cxd5 16. Bxd5 Qxd5 17. Qxd5 Nxd5 18. Rxb2 b6 19. Rd1 Be6 20. Nd4 Bd7 21. Nf3 {[%emt 0:00:05] A dynamic duo of knights.} Be6 22. Nd4 Bd7 23. Nf3 Be6 {[%emt 0:00:03] A rather calm draw.   Weighted Error Value: White=0.02 (flawless) /Black=0.02 (flawless) .  OK:         	White=3     	Black=7      Best:        	---       	Black=1} 1/2-1/2

[Event "CCT Chessable Masters D-III 2024"]
[Site "Online"]
[Date "2024.02.02"]
[Round "1"]
[White "Tabatabaei, M. Amin"]
[Black "Rakhmanov_Aleksandr"]
[Result "1/2-1/2"]
[ECO "A20"]
[WhiteElo "2696"]
[BlackElo "2628"]
[Annotator "TA"]
[PlyCount "164"]
[EventDate "2024.01.12"]
[EventType "k.o."]
[EventCountry "NET"]
[SourceTitle "playchess.com"]
[Source "ChessBase"]
[SourceQuality "1"]
[TimeControl "600+2"]

1. c4 e5 2. g3 h5 3. Nf3 d6 4. Nc3 Be7 5. h4 Bg4 6. Bg2 Nc6 7. d3 Nf6 8. Rb1 a5 9. a3 O-O 10. O-O Rb8 11. b4 axb4 12. axb4 Qd7 13. b5 Nd4 14. Ng5 Nh7 15. f3 Bxg5 16. hxg5 Bh3 17. Kh2 Bxg2 18. Kxg2 Ne6 19. Rh1 g6 20. Ne4 f5 21. gxf6 Nxf6 22. Bh6 Rf7 23. Qd2 b6 24. Ra1 Nd4 25. Ra7 Nxe4 26. dxe4 Rh7 27. Be3 Ne6 28. Qd5 Qf7 29. Kf2 g5 30. Ke1 h4 31. gxh4 gxh4 32. Kd2 h3 33. Rh2 Kh8 34. Ra1 Qd7 35. Rah1 Ng7 36. Ke1 Rg8 37. Rg1 Ne6 38. Rxg8+ Kxg8 39. Kf2 Qe7 40. Bg5 Qf7 41. Be3 Qe7 42. Kf1 Kf7 43. Qd1 Qh4 44. Qe1 Qxe1+ (44... Qh5 {is more complex.} 45. Qg3 Nd8 46. Bc1 Nb7) 45. Kxe1 Rh8 46. Kf2 Ra8 47. Rxh3 Ra4 48. Rh7+ Kg6 49. Rh6+ ({But not} 49. Re7 Kf6 50. Rh7 Rxc4 $15) 49... Kf7 50. Kg3 Rxc4 51. Kg4 Rc3 52. Bg5 Nxg5 53. Kxg5 Rc5 54. Kf5 Kg7 55. Rg6+ Kf7 56. Rf6+ Ke7 57. Rh6 Rxb5 58. Rh7+ Kd8 59. Ke6 Kc8 60. e3 Rb4 61. Rh1 b5 62. Re1 Rb2 63. f4 exf4 $1 64. exf4 Rf2 65. f5 Kb7 $1 66. f6 c5 67. f7 b4 68. e5 dxe5 69. Rxe5 Rxf7 70. Kxf7 Kc6 71. Ke6 b3 72. Kf5 b2 (72... c4 $5 73. Re1 $8 Kb5 $11) 73. Re1 $1 Kd5 $1 (73... c4 74. Ke4 Kc5 75. Rb1 c3 76. Kd3 Kb4 77. Kc2 Kc4 78. Rd1) 74. Rb1 Kd4 75. Rxb2 c4 76. Rd2+ Ke3 $1 ({Inferior is} 76... Kc3 77. Rd8 Kc2 78. Ke4 c3 79. Rg8 Kb3 80. Kd3 Kb4 81. Rc8 (81. Kc2 Kc5 82. Rd8 Kc4 83. Rd3 Kb5 84. Kxc3 Kc5 85. Rd4 Kb6)) 77. Rd8 c3 78. Re8+ Kd3 79. Rd8+ Ke3 80. Rc8 Kd2 81. Ke4 c2 82. Rxc2+ Kxc2 1/2-1/2

[Event "CCT Chessable Masters D-III 2024"]
[Site "Online"]
[Date "2024.02.02"]
[Round "1"]
[White "Sarana, Alexey"]
[Black "Yoo, Christopher Woojin"]
[Result "1/2-1/2"]
[ECO "E48"]
[WhiteElo "2695"]
[BlackElo "2595"]
[Annotator "TA"]
[PlyCount "97"]
[EventDate "2024.01.12"]
[EventType "k.o."]
[EventCountry "NET"]
[SourceTitle "playchess.com"]
[Source "ChessBase"]
[SourceQuality "1"]
[TimeControl "600+2"]

1. d4 Nf6 2. c4 e6 3. Nc3 Bb4 4. e3 O-O 5. Bd3 d5 6. Nge2 b6 7. a3 Be7 8. e4 dxe4 9. Nxe4 {[%emt 0:00:01] Black has an edge.} Bb7 10. Nxf6+ Bxf6 11. O-O Nd7 12. Qc2 {[%emt 0:00:07] The position is equal.} h6 13. Be3 c5 14. Rad1 cxd4 15. Nxd4 Qe7 16. Bh7+ Kh8 {[%emt 0:00:03] White must now prevent ...g6.} 17. Be4 Bxe4 18. Qxe4 Nc5 19. Qf3 Qb7 20. Qh5 (20. Qxb7 {simplifies} Nxb7 21. b4 Rfc8 22. Rc1) 20... Qe4 21. b4 Nd3 (21... Rad8 $5) 22. Qe2 Bxd4 23. Qxd3 Qxd3 24. Rxd3 Bxe3 25. fxe3 $11 {[%emt 0:00:01][%mdl 4096] Endgame. KRR-KRR} Rac8 26. Rd7 Rxc4 27. Rxa7 Rc3 28. Rf3 Kg8 29. e4 Rxf3 30. gxf3 {[%emt 0:00:02] KR-KR} Rc8 31. Kf2 g5 32. Kg3 Kg7 33. Rb7 Ra8 34. h4 Rxa3 35. hxg5 hxg5 36. Rxb6 Rb3 37. Rb8 Rb2 38. Kg4 Rg2+ 39. Kh3 Rb2 40. b5 f5 41. b6 Rb3 42. Kg2 g4 43. fxg4 fxg4 44. Kf2 Kh7 45. b7 Kg7 46. Kg2 Kh7 47. Kf2 Kg7 48. Kg2 Kh7 49. Kf2 {[%emt 0:00:01] A balanced but interesting game.   Weighted Error Value: White=0.03 (flawless) /Black=0.02 (flawless) .  Inaccurate:     	White=1     	---        OK:         	White=12    	Black=22     Best:        	---       	Black=2} 1/2-1/2

[Event "CCT Chessable Masters D-III 2024"]
[Site "Online"]
[Date "2024.02.02"]
[Round "1"]
[White "Deac, Bogdan-Daniel"]
[Black "stSecond"]
[Result "0-1"]
[ECO "C54"]
[WhiteElo "2690"]
[BlackElo "2564"]
[Annotator "TA"]
[PlyCount "106"]
[EventDate "2024.01.12"]
[EventType "k.o."]
[EventCountry "NET"]
[SourceTitle "playchess.com"]
[Source "ChessBase"]
[SourceQuality "1"]
[TimeControl "600+2"]

1. e4 e5 2. Nf3 Nc6 3. Bc4 Bc5 4. c3 Nf6 5. d3 d6 6. O-O h6 7. Re1 O-O {[%emt 0:00:04] C54: Giuoco Piano: 4 c3 Nf6, main lines with 5 d4 and 5 d3.} 8. Nbd2 a5 9. Nf1 Re8 {[%emt 0:00:38] 9...a4 is a critical line.} 10. Ng3 Be6 11. Bb5 Bd7 12. h3 Ba7 13. a4 Ne7 14. Bc4 $5 $146 {[%emt 0:00:09][%mdl 8] An interesting novelty.} ({Predecessor:} 14. d4 Ng6 15. Bd3 c6 16. Be3 Qc7 17. Qc2 b5 18. axb5 cxb5 19. Qd2 Bc6 20. Nh2 {0-1 Santos Ruiz,M (2581)-Pichot,A (2641) ESP-chT Rapid 2022 (8)}) 14... Ng6 15. Qb3 Rf8 16. d4 Qc8 17. Be3 Bc6 18. Bd3 Re8 19. Qc2 Bb6 20. Rad1 Kh7 21. b3 Ba7 22. Qb1 Bd7 23. Qc1 Be6 24. c4 Rd8 25. Bf1 (25. Nf5 {keeps more tension.} Ng8 26. Qb2 Nf6 27. dxe5 dxe5 28. Bxa7 Rxa7 29. Nxe5 Nxe5 30. Qxe5 Bxf5 31. Qxf5+ Qxf5 32. exf5 Raa8 33. g4) 25... Qb8 26. Qc3 Re8 {[%emt 0:00:13] [#]} 27. Kh2 (27. Qxa5 exd4 28. Bc1 Bb6 $15) (27. c5 $1 $16) 27... Bd7 (27... exd4 $14 28. Nxd4 (28. Bxd4 Bxd4 29. Qxd4 Kg8 $14) 28... Bc5) 28. Qc2 (28. Qxa5 exd4 29. Bc1 Bb6 $15) (28. c5 $16) 28... Bc6 (28... exd4 $1 $11 29. Nxd4 (29. Bxd4 Bxd4 30. Nxd4 Qa7 $11) 29... Kg8) 29. Bd3 (29. c5 $142) 29... Bd7 30. Kg1 (30. c5 $16) 30... Qc8 ({Better is} 30... exd4 $14 31. Nxd4 (31. Bxd4 Bxd4 32. Nxd4 Qa7 $14) 31... Kg8) 31. Qc3 (31. c5 $16) 31... Kg8 (31... exd4 $14 32. Bxd4 (32. Qxa5 $2 dxe3 33. Kh2 exf2 $19) (32. Nxd4 Kg8 $16) 32... Bxd4 33. Nxd4 Kg8) 32. Bf1 (32. Qxa5 exd4 33. Bc1 Bb6 $11) (32. c5 $16) 32... Bc6 33. Nd2 (33. Qxa5 $2 Nxe4 (33... Bxe4 34. Qc3 $15) (33... exd4 34. Bc1 $17) 34. Nxe4 Bxe4 $17) (33. d5 $14 Bxe3 34. Qxe3 (34. Rxe3 Bd7 $14)) 33... exd4 $11 34. Bxd4 Bxd4 35. Qxd4 Qe6 36. Nb1 Qe5 (36... Nxe4 $2 {is the wrong capture.} 37. Nxe4 Bxe4 38. Nc3 $18 (38. f3 Qd7 $18)) (36... Bxe4 $2 {perishes.} 37. Nc3 $18) 37. Qe3 (37. Qxe5 $11 {remains equal.} Rxe5 38. Nc3) 37... Nd7 (37... Bxe4 $17 38. Nxe4 Nxe4) 38. Nd2 Nc5 39. Nf3 Qf4 40. Nd2 Re6 41. Qxf4 (41. Bd3 $15) 41... Nxf4 $17 42. f3 g6 43. Re3 Rae8 44. Rc3 h5 45. Nh1 (45. h4 $142) 45... h4 $17 46. Nf2 f5 47. exf5 $2 (47. Nd3 $17 Ncxd3 48. Bxd3) 47... gxf5 $19 48. Rcc1 Kg7 49. Rb1 Kf7 50. Rdc1 Rg8 51. Kh1 Reg6 52. b4 axb4 53. Rxb4 Nxg2 0-1

[Event "CCT Chessable Masters D-III 2024"]
[Site "Online"]
[Date "2024.02.02"]
[Round "1"]
[White "KuzubovYuriy"]
[Black "ViIIagra"]
[Result "1-0"]
[ECO "E60"]
[WhiteElo "2686"]
[BlackElo "2609"]
[Annotator "TA"]
[PlyCount "59"]
[EventDate "2024.01.12"]
[EventType "k.o."]
[EventCountry "NET"]
[SourceTitle "playchess.com"]
[Source "ChessBase"]
[SourceQuality "1"]
[TimeControl "600+2"]

1. d4 Nf6 2. c4 g6 3. Nf3 Bg7 4. g3 O-O 5. Bg2 d6 6. O-O c6 7. Re1 Ne4 8. Qc2 d5 9. Nc3 {[%emt 0:01:48] The position is equal.} Nxc3 10. Qxc3 Bf5 11. Bf4 Be4 12. cxd5 cxd5 13. Ne5 {[%emt 0:00:09] Wards off Nc6} Bxg2 14. Kxg2 Nd7 15. Rec1 Nxe5 16. dxe5 Rc8 17. Qa3 (17. Qd4 {simplifies} Rxc1 18. Rxc1 b6 19. h4) 17... d4 (17... Qb6 $14 {is superior.}) 18. Rxc8 $16 ({Reject} 18. Qxa7 $6 Qd5+ 19. f3 Bxe5 $11) 18... Qd5+ {[%emt 0:00:08] [#]} 19. Qf3 $1 Qxf3+ 20. Kxf3 Rxc8 {[%emt 0:00:01][%mdl 4096] Endgame. KRB-KRB} 21. Rd1 f6 22. exf6 Bxf6 {[%emt 0:00:02] [#]} 23. Rc1 $1 Rxc1 24. Bxc1 {[%emt 0:00:00] KB-KB} e5 {[%emt 0:00:00] Black cannot hold the game after this.} (24... Kf7 $16 {is a better defense.}) 25. Ke4 $18 Kf7 26. Kd5 Ke7 27. b3 Kd7 28. f3 Bg7 29. Ba3 Bf6 30. Bd6 {[%emt 0:00:04] Weighted Error Value: White=0.04 (flawless) /Black=0.21 (precise) .  Mistake:       	---       	Black=2      Inaccurate:     	---       	Black=2      OK:         	White=8     	Black=4      Best:        	White=2     	Black=2      Strong:       	White=2     	---} 1-0

[Event "CCT Chessable Masters D-III 2024"]
[Site "Online"]
[Date "2024.02.02"]
[Round "1"]
[White "Matlakov, Maxim"]
[Black "Antipov, Mikhail Al."]
[Result "1-0"]
[ECO "D38"]
[WhiteElo "2662"]
[BlackElo "2604"]
[Annotator "TA"]
[PlyCount "53"]
[EventDate "2024.01.12"]
[EventType "k.o."]
[EventCountry "NET"]
[SourceTitle "playchess.com"]
[Source "ChessBase"]
[SourceQuality "1"]
[TimeControl "600+2"]

1. d4 Nf6 2. c4 e6 3. Nf3 d5 4. Nc3 Bb4 5. Bg5 h6 6. Bxf6 Qxf6 7. e3 O-O 8. Rc1 c6 9. Bd3 Nd7 10. Qb3 Qe7 11. O-O Bd6 {[%emt 0:00:49] The position is equal.} 12. c5 Bc7 13. e4 dxe4 14. Nxe4 Rd8 15. Rfe1 Rb8 16. Qc2 Nf8 17. Ng3 Bd7 18. Re4 Be8 19. Rce1 b6 20. Rg4 Bxg3 (20... bxc5 $2 21. Rxg7+ (21. Nf5 Qf6 $18) 21... Kxg7 22. Nf5+ (22. Qxc5 $2 Qxc5 23. dxc5 Rxd3 $19) 22... exf5 23. Rxe7 $18) 21. hxg3 bxc5 22. dxc5 Nd7 23. b4 {[%emt 0:00:09] Threatens to win with Nd4.} a5 {[%emt 0:00:13] [#]} 24. Nd4 $1 $40 {[%emt 0:00:30][%mdl 128] Black is in trouble. White has more active pieces.} (24. bxa5 $6 Qxc5 25. Qd2 Nf6 $11) 24... Ne5 (24... Qf8 $16 {is more resistant.}) 25. Rxe5 $18 {[%emt 0:00:11][%cal Og4g7] And now Rxg7+! would win. White is clearly winning.} Rxb4 {[%emt 0:00:36] [#]} 26. Rxg7+ $3 Kf8 {[%emt 0:00:07] [#]} (26... Kxg7 27. Nf5+) 27. Nxe6+ $1 {[%emt 0:00:04] Weighted Error Value: White=0.05 (flawless) /Black=0.37.  Loses game:     	---       	Black=1      Mistake:       	---       	Black=1      Inaccurate:     	White=1     	Black=3      OK:         	White=7     	Black=5      Best:        	White=1     	Black=1      Strong:       	White=1     	---        Brilliant:      	White=1     	---} 1-0

[Event "CCT Chessable Masters D-III 2024"]
[Site "Online"]
[Date "2024.02.02"]
[Round "1"]
[White "Shevchenko, Kirill"]
[Black "Santos Latasa, Jaime"]
[Result "0-1"]
[ECO "C52"]
[WhiteElo "2651"]
[BlackElo "2615"]
[Annotator "TA"]
[PlyCount "86"]
[EventDate "2024.01.12"]
[EventType "k.o."]
[EventCountry "NET"]
[SourceTitle "playchess.com"]
[Source "ChessBase"]
[SourceQuality "1"]
[TimeControl "600+2"]

1. e4 e5 2. Nf3 Nc6 3. Bc4 Bc5 4. b4 Bxb4 5. c3 Ba5 6. d4 d6 7. Qb3 Qd7 8. Nbd2 Bb6 9. dxe5 Na5 (9... dxe5 $15 10. a4 Nf6) 10. Qc2 Nxc4 11. Nxc4 d5 12. Nxb6 {[%emt 0:01:22] The position is equal.} axb6 13. O-O Ne7 ({Better is} 13... dxe4 $1 $15 14. Qxe4 Ne7) 14. Rd1 $14 Qc6 15. Nd4 Qc4 16. Bg5 {[%emt 0:00:26] [#] aiming for Bxe7.} Ng6 17. exd5 O-O 18. Nf3 Ra3 19. Rd4 Qxc3 20. Qxc3 Rxc3 21. d6 {[%emt 0:00:00] [#] d7 would now be deadly.} Bd7 22. dxc7 Rxc7 23. h4 h6 24. Be3 (24. h5 $5) 24... Bc6 25. h5 Ne7 26. Nh4 Nd5 27. Nf5 Re8 28. f4 f6 29. Nd6 $2 ({White should try} 29. Re4 $15) 29... Re6 ({Black should play} 29... Nxe3 $19 30. Nxe8 Bxe8) 30. Bf2 (30. Re4 $17) 30... fxe5 $19 31. fxe5 Rxe5 32. g4 Rce7 33. Nf5 Re8 34. Rad1 $2 (34. a3 $17) 34... Nf6 $2 (34... Nc3 $19 {has better winning chances.} 35. Kh2 Nxd1 36. Rxd1 Re2) 35. Bg3 (35. Bh4 $17) 35... Ra5 36. Rd8 (36. Bh4 $17 {was called for.}) 36... Nxg4 37. Ne7+ Kf7 38. Nxc6 bxc6 39. Rf1+ $2 (39. R1d7+ Re7 40. Rxe7+ Kxe7 41. Rc8) 39... Nf6 40. Rd6 Rg5 (40... Rxa2 41. Rxc6 b5 42. Rf4 $17) 41. Kh2 (41. Rf3) 41... Re2+ {[%emt 0:00:02] Black is clearly winning.} 42. Rf2 Rxf2+ 43. Bxf2 Ne4 {[%emt 0:00:04] Weighted Error Value: White=0.44/Black=0.32.  Loses game:     	White=2     	---        Missed win:     	---       	Black=1      Mistake:       	White=5     	Black=2      Inaccurate:     	White=2     	Black=3      OK:         	White=7     	Black=14     Best:        	White=3     	Black=2} (43... Nxh5 44. Bxb6 Re5 45. a4 $17) 0-1

[Event "CCT Chessable Masters D-III 2024"]
[Site "Online"]
[Date "2024.02.02"]
[Round "1"]
[White "Malakhov, Vladimir"]
[Black "Mishra, Abhimanyu"]
[Result "0-1"]
[ECO "D78"]
[WhiteElo "2648"]
[BlackElo "2627"]
[Annotator "TA"]
[PlyCount "70"]
[EventDate "2024.01.12"]
[EventType "k.o."]
[EventCountry "NET"]
[SourceTitle "playchess.com"]
[Source "ChessBase"]
[SourceQuality "1"]
[TimeControl "600+2"]

1. Nf3 d5 2. g3 g6 3. Bg2 Bg7 4. d4 c6 5. O-O Nf6 6. c4 O-O 7. Qb3 dxc4 8. Qxc4 Bf5 9. Nc3 Nbd7 10. Re1 Nb6 {[%emt 0:01:21] Wards off e4} 11. Qb3 Ne4 12. Be3 a5 {[%emt 0:01:00] The position is equal.} 13. Ne5 ({White should try} 13. Nh4 $11 a4 14. Qd1 Nxc3 15. bxc3) 13... a4 14. Qb4 Nxc3 15. bxc3 Nd5 16. Bxd5 cxd5 17. Qxb7 {[%emt 0:00:32] [#] And now Nc6 would win.} Qd6 {[%emt 0:00:06][%cal Of8b8] Threatens to win with ...Rfb8!} 18. Bf4 $2 {[%emt 0:00:21][%mdl 8192] Now White is beyond hope.} (18. Nc6 $14 {keeps the upper hand.} Rfe8 19. Nb4) 18... Rfb8 $19 19. Nxf7 Rxb7 ({Weaker is} 19... Kxf7 20. Qxa8 Rxa8 21. Bxd6 exd6 22. Rec1) 20. Nxd6 exd6 21. Bxd6 {[%emt 0:00:01] White is weak on the light squares} Rb2 22. a3 Re8 23. e3 Be4 {[%emt 0:00:28] Black is clearly winning.} 24. Rec1 Re6 25. Bf4 Rc6 26. h4 Bf8 27. g4 Rc4 28. Rf1 Rxc3 29. f3 Bc2 30. Rf2 Rxa3 31. Rc1 Rc3 32. e4 a3 {[%emt 0:00:03] ...a2 would now be deadly.} 33. exd5 a2 {[%emt 0:00:02] [#] Hoping for ...Rb1.} 34. d6 Rb1 35. d7 Be7 {[%emt 0:00:03] Weighted Error Value: White=0.84/Black=0.06 (flawless) .  Loses game:     	White=1     	---        Mistake:       	White=1     	---        Inaccurate:     	White=1     	Black=2      OK:         	White=6     	Black=9      Best:        	---       	Black=2} (35... a1=B $2 {perishes.} 36. Rxb1 (36. d8=R Rxc1+ 37. Bxc1 Kf7 $14) 36... Be7 37. Rxa1 $18) 0-1

[Event "CCT Chessable Masters D-III 2024"]
[Site "Online"]
[Date "2024.02.02"]
[Round "1"]
[White "MashaPutina"]
[Black "Zlatan56"]
[Result "1/2-1/2"]
[ECO "D35"]
[WhiteElo "2644"]
[BlackElo "2635"]
[Annotator "NA"]
[PlyCount "127"]
[EventDate "2024.01.12"]
[EventType "k.o."]
[EventCountry "NET"]
[SourceTitle "playchess.com"]
[Source "ChessBase"]
[SourceQuality "1"]
[TimeControl "600+2"]

1. d4 d5 2. c4 e6 3. Nf3 Nf6 4. Nc3 Be7 5. cxd5 exd5 6. Bf4 c6 7. h3 Bf5 8. g4 Bg6 9. Ne5 Nbd7 10. Nxg6 hxg6 11. e3 Nf8 12. Qb3 Qb6 13. f3 Ne6 14. Bg3 Qxb3 15. axb3 a6 16. h4 g5 17. Bd3 g6 18. Ke2 gxh4 19. Rxh4 Rxh4 20. Bxh4 Kd7 21. g5 Nh5 22. f4 Rh8 23. Bf2 Nhxf4+ 24. exf4 Nxf4+ 25. Ke3 Bxg5 26. Bf1 Nh3+ 27. Kf3 Nxf2 28. Kxf2 Rh4 29. Rd1 f5 30. Ne2 Bf6 31. Bg2 g5 32. Rd3 a5 33. Kf1 Ke6 34. Re3+ Kf7 35. Rh3 Rxh3 36. Bxh3 g4 37. Bg2 Bg5 38. Kf2 f4 39. Nc3 f3 40. Bf1 Bc1 41. Kg3 Bxb2 42. Nd1 Bxd4 43. Kxg4 f2 44. Kf3 Ke6 45. Nxf2 Bxf2 46. Kxf2 Kd6 47. Ke3 Kc5 48. Kd3 Kb4 49. Kc2 b5 50. Bh3 c5 51. Be6 d4 52. Kd3 a4 53. bxa4 Kxa4 54. Bd7 Kb4 55. Be8 Ka5 56. Bd7 Kb6 57. Be8 Ka5 58. Bd7 Kb4 59. Be8 c4+ 60. Kxd4 c3 61. Kd3 Kb3 62. Bxb5 c2 63. Ba4+ Kxa4 64. Kxc2 1/2-1/2

[Event "CCT Chessable Masters D-III 2024"]
[Site "Online"]
[Date "2024.02.02"]
[Round "1"]
[White "MashaPutina"]
[Black "Zlatan56"]
[Result "1-0"]
[ECO "D32"]
[WhiteElo "2644"]
[BlackElo "2635"]
[Annotator "NA"]
[PlyCount "131"]
[EventDate "2024.01.12"]
[EventType "k.o."]
[EventCountry "NET"]
[SourceTitle "playchess.com"]
[Source "ChessBase"]
[SourceQuality "1"]
[TimeControl "600+2"]

1. d4 d5 2. c4 e6 3. Nc3 c5 4. cxd5 cxd4 5. Qa4+ Bd7 6. Qxd4 exd5 7. Qxd5 Nf6 8. Qb3 Na6 9. Nf3 Nc5 10. Qc2 Rc8 11. e3 Nce4 12. Bd3 Nxc3 13. bxc3 Nd5 14. Bd2 Nb4 15. Qb1 Nxd3+ 16. Qxd3 Bc6 17. Qf5 Be7 18. Nd4 Bxg2 19. Rg1 g6 20. Qe5 f6 21. Qb5+ Bc6 22. Nxc6 Rxc6 23. Qxb7 Rd6 24. Rd1 f5 25. Ke2 Qa5 26. Qc8+ Bd8 27. Qc4 Qa6 28. Qxa6 Rxa6 29. Ra1 Kd7 30. Rgb1 Bc7 31. h3 Re8 32. a4 Kc6 33. Rb4 Bd6 34. Rc4+ Bc5 35. Rb1 Re4 36. Rxe4 fxe4 37. Ra1 Kd5 38. a5 Rf6 39. h4 Rf5 40. Be1 Be7 41. Rd1+ Kc6 42. Rd4 Re5 43. Rc4+ Bc5 44. Ra4 Kb5 45. Ra1 Be7 46. f4 exf3+ 47. Kxf3 Rf5+ 48. Ke2 Kc6 49. a6 Rh5 50. Ra4 Kb5 51. Re4 Bc5 52. Re6 Bb6 53. e4 Kxa6 54. c4 Kb7 55. e5 Bd4 56. Bg3 a5 57. Kd3 Bc5 58. Rf6 Rf5 59. Ke4 Rxf6 60. exf6 Kc6 61. Ke5 a4 62. Be1 Kd7 63. Kd5 Be3 64. c5 Ke8 65. c6 Bb6 66. Ke6 1-0

[Event "CCT Chessable Masters D-III 2024"]
[Site "Online"]
[Date "2024.02.02"]
[Round "1"]
[White "Bortnyk, Oleksandr"]
[Black "Safarli, Eltaj"]
[Result "0-1"]
[ECO "C77"]
[WhiteElo "2638"]
[BlackElo "2604"]
[Annotator "ChessBase"]
[PlyCount "156"]
[EventDate "2024.01.12"]
[EventType "k.o."]
[EventCountry "NET"]
[SourceTitle "playchess.com"]
[Source "ChessBase"]
[SourceQuality "1"]
[TimeControl "600+2"]

1. e4 e5 2. Nf3 Nc6 3. Bb5 a6 4. Ba4 Nf6 5. Nc3 Bc5 6. O-O b5 7. Bb3 d6 8. Nd5 O-O 9. Nxf6+ Qxf6 10. Bd5 Bb7 11. d3 Na5 12. Bg5 Qg6 13. Bd2 Bxd5 14. exd5 Nb7 15. Nh4 Qf6 16. Qg4 h6 17. Rae1 Kh7 18. Nf5 Rh8 19. h4 h5 20. Qxh5+ Kg8 21. Qg4 g6 22. Nh6+ Kf8 23. c3 Qg7 24. d4 Bb6 25. dxe5 Rxh6 26. Bxh6 Qxh6 27. Qd7 dxe5 28. Rxe5 Qxh4 29. Qh3 Qxh3 30. gxh3 Rd8 31. Rd1 Rd6 32. Kg2 Rf6 33. Re2 Nd6 34. b3 Rf4 35. Rde1 Rf5 36. Rd1 Rg5+ 37. Kf3 a5 38. Rd3 Rg1 39. Rc2 Nf5 40. Rcd2 Re1 41. Rd1 Re5 42. R1d2 Nd6 43. Re2 Rh5 44. Kg2 Nf5 45. Re4 Nd6 46. Re2 a4 47. Kg3 Rg5+ 48. Kh2 Kg7 49. Kh1 Rf5 50. Kg2 Rf4 51. Kg3 g5 52. Kg2 axb3 53. axb3 Ne4 54. f3 Nd6 55. Re5 Nf5 56. Re4 Nh4+ 57. Kg3 Rf5 58. c4 bxc4 59. Rxc4 Ng6 60. d6 cxd6 61. Rxd6 Ba5 62. b4 Ne5 63. Rd5 Bb6 64. b5 Rxf3+ 65. Kg2 Rf2+ 66. Kg3 Nxc4 67. Rxg5+ Kf6 68. Rg8 Rb2 69. h4 Bf2+ 70. Kg4 Ne5+ 71. Kh3 Rb3+ 72. Kg2 Bxh4 73. Rb8 Bg5 74. b6 Nd7 75. Rc8 Nxb6 76. Rc6+ Kf5 77. Rc5+ Kg4 78. Rb5 Rxb5 0-1

[Event "CCT Chessable Masters D-III 2024"]
[Site "Online"]
[Date "2024.02.02"]
[Round "1"]
[White "Mishra, Abhimanyu"]
[Black "Malakhov, Vladimir"]
[Result "0-1"]
[ECO "C54"]
[WhiteElo "2627"]
[BlackElo "2648"]
[Annotator "RC"]
[PlyCount "212"]
[EventDate "2024.01.12"]
[EventType "k.o."]
[EventCountry "NET"]
[SourceTitle "playchess.com"]
[Source "ChessBase"]
[SourceQuality "1"]
[TimeControl "600+2"]

1. e4 e5 2. Nf3 Nc6 3. Bc4 Bc5 4. c3 Nf6 5. d3 h6 6. O-O d6 7. Re1 O-O 8. Nbd2 a6 9. a4 Ba7 10. h3 Re8 11. b4 Be6 12. Bxe6 Rxe6 13. Qc2 Ne7 14. Nf1 Qd7 15. Ng3 d5 16. exd5 Nfxd5 17. Nxe5 Qd6 18. d4 Nxc3 19. Bb2 Ncd5 20. b5 Re8 21. Ne4 Qd8 22. Nc5 Bxc5 23. dxc5 Ng6 24. Qf5 Nxe5 25. Rxe5 Rxe5 26. Bxe5 c6 27. Bd6 g6 28. Qf3 Qa5 29. bxc6 bxc6 30. Qd3 Re1+ 31. Rxe1 Qxe1+ 32. Kh2 Nc3 33. h4 h5 34. Qf3 Ne2 35. g3 Qg1+ 36. Kh3 Nd4 37. Qg2 Qd1 38. Qe4 Qf1+ 39. Qg2 Qd3 40. Qh1 Qf5+ 41. Kg2 Qe4+ 42. Kh2 Nf3+ 43. Kh3 Qe6+ 44. Kg2 Qe4 45. Kh3 Qg4+ 46. Kg2 Nd4 47. Qe1 Qf3+ 48. Kg1 Ne2+ 49. Kf1 Nd4 50. Kg1 Kh7 51. Qe8 Qd5 52. Qe3 Nf5 53. Qf4 Nd4 54. Qe3 a5 55. Bf8 Ne6 56. Bd6 Nd4 57. Bf8 Nf3+ 58. Kf1 Ne5 59. Bd6 Qd1+ 60. Kg2 Qd5+ 61. Kf1 Nc4 62. Qf4 Kg7 63. Kg1 Qd1+ 64. Kg2 Qd5+ 65. Kg1 Nd2 66. Be5+ Kg8 67. Bd6 Nf3+ 68. Kf1 Nd4 69. Ke1 Qe6+ 70. Kf1 Qe2+ 71. Kg2 Qd3 72. Qe5 Qf3+ 73. Kg1 Qd1+ 74. Kg2 Qf3+ 75. Kg1 Ne6 76. Qe1 Qb3 77. Qxa5 Qd1+ 78. Kg2 Qd5+ 79. Kg1 Nd4 80. Qd8+ Kh7 81. Qe7 Nf3+ 82. Kf1 Nd2+ 83. Kg1 Ne4 84. Qe5 Qd1+ 85. Kg2 Qxa4 86. Qf4 Qc4 87. Qe5 Nd2 88. Qe1 Qd5+ 89. Kh3 Ne4 90. Kh2 Nxd6 91. cxd6 Qxd6 92. Qe8 Qd5 93. Qc8 c5 94. g4 Qe5+ 95. Kh3 Qc3+ 96. Kg2 hxg4 97. Qxg4 Qe5 98. Qd7 Kg7 99. Qc8 Qd5+ 100. Kg3 c4 101. h5 gxh5 102. Qc7 Qd3+ 103. Kh4 Qd4+ 104. Kxh5 c3 105. Qg3+ Kf6 106. Qc7 Qe5+ 0-1